 Dungeon Crawl Stone Soup version 0.19.1 (webtiles) character file.

227 Faustar the Cudgeler (level 6, 0/55 HPs)
             Began as an Ogre Transmuter on Dec 18, 2016.
             Slain by a phantom (9 damage)
             ... on level 4 of the Dungeon.
             The game lasted 00:08:39 (4636 turns).

Faustar the Cudgeler (Ogre Transmuter)              Turns: 4636, Time: 00:08:39

Health: 0/55       AC:  5    Str: 16 (18) XL:     6   Next: 2%
Magic:  19/19      EV: 10    Int: 12      God:
Gold:   210        SH:  0    Dex:  9 (10) Spells: 2 memorised, 7 levels left

rFire  . . .     SeeInvis .     j - +0 mace
rCold  . . .     Gourm    .     b - +0 robe
rNeg   . . .     Faith    .     (no shield)
rPois  .         Spirit   .     m - +2 hat
rElec  .         Reflect  .     (no cloak)
rCorr  +         Harm     .     (gloves unavailable)
MR     .....                    (boots unavailable)
Stlth  +.........               t - amulet of rage (curse)
                                p - ring of magical power
                                l - ring of resist corrosion

@: no status effects
A: unfitting armour, tough skin 1
a: Evoke Berserk Rage


You were on level 4 of the Dungeon.
You were hungry.

You visited 1 branch of the dungeon, and saw 4 of its levels.

You collected 210 gold pieces.

Inventory:

Hand Weapons
 j - a +0 mace (weapon)
Missiles
 a - 33 arrows
Armour
 b - a +0 robe (worn)
 m - a +2 hat (worn)
Jewellery
 e - an uncursed amulet of regeneration {unknown}
 l - a ring of resist corrosion (left hand)
 p - a ring of magical power (right hand)
 t - a cursed amulet of rage (around neck)
Scrolls
 k - 2 scrolls of identify
Books
 c - a book of Changes

   Spells                             Type                      Level
   a - Beastly Appendage              Transmutation                1
   b - Sticks to Snakes               Transmutation                2
   c - Spider Form                    Transmutation/Poison         3
   d - Ice Form                       Ice/Transmutation            4
   e - Blade Hands                    Transmutation                5
Comestibles
 d - 2 bread rations
 g - 2 meat rations
 o - 2 beef jerkies
 r - 4 fruits


   Skills:
 - Level 1.3 Fighting
 + Level 7.2 Maces & Flails
 - Level 1.7 Dodging
 - Level 2.6 Unarmed Combat
 - Level 2.7 Spellcasting
 - Level 1.3 Transmutations


You had 7 spell levels left.
You knew the following spells:

 Your Spells              Type           Power        Failure   Level  Hunger
a - Beastly Appendage     Tmut           #.....       14%         1    #......
b - Sticks to Snakes      Tmut           #.......     21%         2    ###....


Dungeon Overview and Level Annotations

Branches:
Dungeon (4/15)
 Temple: D:4-7

Altars:
Yredelemnul
Zin

Annotations:
D:4 grok76's ghost, amateur DEWz


Innate Abilities, Weirdness & Mutations

You are too large for most types of armour.
You have tough skin. (AC +1)


Message History

The phantom hits you.
* * * LOW HITPOINT WARNING * * *
The phantom blinks!
Found a basalt altar of Yredelemnul.
The phantom hits you.
* * * LOW HITPOINT WARNING * * *
The phantom blinks!
You barely miss the phantom.
The phantom is heavily damaged.
The phantom blinks!
You closely miss the phantom.
The phantom is heavily damaged.
The phantom completely misses you.
You closely miss the phantom.
The phantom is heavily damaged.
The phantom closely misses you.
You hit the phantom.
The phantom is severely damaged.
The phantom hits you!
You die...

.#.#.#.#.....# #.#
.#.#.#.#.....# #.#
##.#.#.#.....# #.#
#...#.#.....# #.#
######.#..#############
.......#..# #........#
....####..####........####
........#..............._#
........######..@W....#
........# #........#
........# ##########
........# ........#
........# ........#


You could see a phantom.

Vanquished Creatures
  Ijyb (D:2)
  7 adders
  5 gnolls
  2 oozes (D:1)
  4 worms
  3 dart slugs
  A leopard gecko (D:1)
  2 orcs
  2 ball pythons (D:1)
  8 bats
  3 giant cockroaches (D:1)
  5 goblins
  7 hobgoblins
  9 kobolds
  A quokka (D:3)
  2 frilled lizards
  2 gnoll zombies (D:4)
  3 rats
67 creatures vanquished.

Notes
Turn   | Place    | Note
-------+----------+-------------------------------------------
     0 | D:1      | Faustar the Ogre Transmuter began the quest for the Orb.
     0 | D:1      | Reached XP level 1. HP: 19/19 MP: 3/3
    89 | D:1      | Reached skill level 1 in Maces & Flails
   327 | D:1      | Reached XP level 2. HP: 19/27 MP: 5/5
   335 | D:1      | Reached skill level 2 in Maces & Flails
   832 | D:1      | Reached skill level 3 in Maces & Flails
   833 | D:1      | Reached XP level 3. HP: 29/33 MP: 7/7
  1296 | D:2      | Noticed Ijyb
  1302 | D:2      | Killed Ijyb
  1302 | D:2      | Reached skill level 4 in Maces & Flails
  1302 | D:2      | Reached XP level 4. HP: 41/41 MP: 8/8
  1398 | D:2      | Reached skill level 5 in Maces & Flails
  2226 | D:2      | Gained mutation: Your flesh is cold resistant. (rC+) [potion of mutation]
  2226 | D:2      | Gained mutation: You are occasionally teleported next to monsters. [potion of mutation]
  2226 | D:2      | Gained mutation: You are partially covered in iridescent scales. (AC +2) [potion of mutation]
  2229 | D:2      | Lost mutation: Your flesh is cold resistant. (rC+) [potion of cure mutation]
  2229 | D:2      | Lost mutation: You are partially covered in iridescent scales. (AC +2) [potion of cure mutation]
  2229 | D:2      | Lost mutation: You are occasionally teleported next to monsters. [potion of cure mutation]
  2327 | D:2      | Reached XP level 5. HP: 43/48 MP: 9/9
  2339 | D:2      | Learned a level 2 spell: Sticks to Snakes
  2586 | D:1      | Reached skill level 6 in Maces & Flails
  3004 | D:2      | Found a faded altar of an unknown god.
  3861 | D:3      | Reached skill level 7 in Maces & Flails
  3880 | D:3      | Found a glowing silver altar of Zin.
  4115 | D:4      | Reached XP level 6. HP: 44/55 MP: 10/10
  4186 | D:4      | Noticed a phantom
  4190 | D:4      | Noticed grok76's ghost (amateur DEWz)
  4619 | D:4      | Found a basalt altar of Yredelemnul.
  4636 | D:4      | Slain by a phantom

Skill      XL: |  1  2  3  4  5 |
---------------+----------------+-----
Maces & Flails | 1 3 4 5 7 |  7.2
Fighting       | |  1.3
Dodging        | |  1.7
Unarmed Combat | |  2.6
Spellcasting   | |  2.7
Transmutations | |  1.3

Action                   |  1- 3 |  4- 6 || total
-------------------------+-------+-------++-------
Melee: Whip              |    30 |       ||    30
       Unarmed           |     8 |       ||     8
       Punch             |     2 |     2 ||     4
       Mace              |    57 |   239 ||   296
 Cast: Sticks to Snakes  |       |     1 ||     1
  Use: Potion            |       |     9 ||     9
       Scroll            |       |     3 ||     3
  Eat: Chunk             |     1 |     9 ||    10
       Pizza             |       |     1 ||     1
Armor: Robe              |    36 |    79 ||   115
Dodge: Dodged            |    67 |   105 ||   172
